 Dungeon Crawl Stone Soup version 0.18.1-8-gdd0e5ea (webtiles) character file.

162495 Liquid the Sniper (level 18, -13/128 HPs)
             Began as a Kobold Berserker on June 8, 2016.
             Was a High Priest of Trog.
             Killed from afar by a deep elf annihilator (64 damage)
             ... with a crystal spear
             ... on level 3 of the Elven Halls.
             The game lasted 01:44:48 (26297 turns).

Liquid the Sniper (Kobold Berserker)               Turns: 26297, Time: 01:44:49

Health: -13/128    AC: 19    Str: 17    XL:     18   Next: 44%
Magic:  25/25      EV: 34    Int:  8    God:    Trog [*****.]
Gold:   1088       SH:  0    Dex: 38    Spells: 0 memorised, 17 levels left

rFire  . . .     SeeInvis .     X - +8 arbalest of Ancient Evil {velocity, Dex+5}
rCold  . . .     Gourm    .     S - +0 ring mail "Zeaqomaq" {Regen+ Dex+9}
rNeg   + . .     Faith    .     (shield currently unavailable)
rPois  .         Spirit   .     l - +2 helmet
rElec  .         Dismiss  .     h - +1 cloak
rCorr  .         Reflect  .     n - +0 pair of gloves
SustAt .         Harm     .     w - +0 pair of boots
MR     ++...                    D - amulet of regeneration
Stlth  +++.......               W - ring "Demnoys" {+Blink MR+ Int+3 Dex+2}
                                d - ring of positive energy

@: about to teleport, very slightly contaminated, hasted, very quick, very
resistant to hostile enchantments, fairly stealthy
A: rugged brown scales 2, yellow scales 1, camouflage 1, carnivore 3
a: Berserk, Trog's Hand, Brothers in Arms, Burn Spellbooks, Renounce Religion,
Evoke Blink


You were on level 3 of the Elven Halls.
You worshipped Trog.
Trog was extremely pleased with you.
You were very full.

You visited 5 branches of the dungeon, and saw 29 of its levels.
You also visited: Labyrinth and Ice Cave.

You collected 2909 gold pieces.
You spent 1821 gold pieces at shops.

Inventory:

Hand Weapons
 q - the +9 heavy crossbow "Sniper" {velocity, nevermiss, SInv}
   (You found it on level 4 of the Dungeon)

   Any bolt fired from it inflicts extra damage.
   It lets you see invisible.
 x - a +9 quick blade of piercing
 X - the +8 arbalest of Ancient Evil (weapon) {velocity, Dex+5}
   (Trog gifted it to you on level 1 of the Elven Halls)

   Any bolt fired from it inflicts extra damage.
   It affects your dexterity (+5).
Missiles
 J - 299 bolts (quivered)
Armour
 h - a +1 cloak (worn)
 l - a +2 helmet (worn)
 n - a +0 pair of gloves (worn)
 w - a +0 pair of boots (worn)
 S - the +0 ring mail "Zeaqomaq" (worn) {Regen+ Dex+9}
   (You bought it in a shop on level 2 of the Orcish Mines)

   It affects your dexterity (+9).
   It increases your rate of regeneration.
Rods
 H - a +8 lightning rod (10/10)
   (You found it on level 8 of the Lair of Beasts)
Jewellery
 d - a ring of positive energy (left hand)
 k - an uncursed ring of protection from cold
 D - an amulet of regeneration (around neck)
 Q - an uncursed ring of poison resistance
 R - the amulet of Ocweh {RegenMP rF+ MP+9}
   (You found it on level 11 of the Dungeon)

   [amulet of magic regeneration]

   It increases your magic regeneration.
   It protects you from fire.
   It affects your magic capacity (+9).
 V - an uncursed ring of protection from fire
 W - the ring "Demnoys" (right hand) {+Blink MR+ Int+3 Dex+2}
   (You bought it in a shop on level 2 of the Orcish Mines)

   [ring of protection from magic]

   It affects your intelligence (+3).
   It affects your dexterity (+2).
   It affects your resistance to hostile enchantments.
   It lets you blink.
 Y - an uncursed ring of resist corrosion
Wands
 a - a wand of disintegration (5/24)
 o - a wand of teleportation (7/9)
 z - a wand of teleportation (1/9)
Scrolls
 f - 6 scrolls of remove curse
 t - a scroll of enchant armour
 y - a scroll of immolation
 B - 4 scrolls of recharging
 F - 11 scrolls of teleportation
 K - 4 scrolls of magic mapping
 N - 4 scrolls of identify
 O - a scroll of summoning
 P - 3 scrolls of fog
 T - a scroll of brand weapon
 U - 4 scrolls of fear
 Z - 2 scrolls of enchant weapon
Potions
 b - 4 potions of magic
 e - 4 potions of cure mutation
 g - 4 potions of brilliance
 i - 2 potions of invisibility
 j - 2 potions of haste
 p - 2 potions of berserk rage
 s - 4 potions of might
 u - 5 potions of lignification
 v - 3 potions of heal wounds
 A - 4 potions of flight
 G - 2 potions of ambrosia
 I - a potion of cancellation
 L - 3 potions of agility
 M - 7 potions of curing
Books
 C - a book of Debilitation

   Spells                             Type                      Level
   a - Corona                         Hexes                        1
   b - Slow                           Hexes                        2
   c - Gell's Gravitas                Hexes/Translocation          3
   d - Inner Flame                    Hexes/Fire                   3
   e - Cause Fear                     Hexes                        4
   f - Leda's Liquefaction            Hexes/Earth                  4
   Trog disapproves of the use of such an item.
Comestibles
 c - 22 meat rations
 m - a chunk of flesh
 r - 12 slices of pizza
 E - 7 beef jerkies


   Skills:
 + Level 16.5 Fighting
 - Level 12.3 Short Blades
 * Level 21.1 Crossbows
 + Level 7.6 Armour
 + Level 15.4 Dodging
 - Level 10.0 Evocations


You had 17 spell levels left.
You didn't know any spells.

Dungeon Overview and Level Annotations

Branches:
Dungeon (15/15)            Temple (1/1) D:5            Lair (8/8) D:9
 Shoals (0/4) Lair:3        Snake (0/4) Lair:6        Slime (0/6) Lair:6
    Orc (2/2) D:10            Elf (3/3) Orc:2        Vaults (0/5) D:13
 Depths (0/5) D:15

Altars:
Cheibriados
Elyvilon
Gozag
Makhleb
Nemelex Xobeh
Okawaru
Ru
Vehumet
Zin
Beogh
Jiyva

Shops:
D:7 %   D:14 !   Orc:2 (=[(   Elf:1 =


Innate Abilities, Weirdness & Mutations

You are small and have problems with some larger weapons.
You are carnivorous and can eat meat at any time.
You are mostly covered in rugged brown scales (AC +2, +5% HP).
You are partially covered in yellow scales (AC +2).
Your skin changes colour to match your surroundings (Stealth).


Message History

Press: ? - help, Shift-Dir - straight line, f - you, p - deep elf annihilator You feel strangely unstable.
This wand has 1 charge left.
The Hell Sentinel gestures at you.
The damnation unfurls!
The damnation engulfs the Brimstone Fiend.
The Brimstone Fiend completely resists.
The damnation engulfs you!
* * * LOW HITPOINT WARNING * * *
The damnation engulfs the Hell Sentinel.
The Hell Sentinel completely resists.
The deep elf demonologist gestures wildly while chanting.
The deep elf annihilator points at you and mumbles some strange words.
The crystal spear misses you.
The crystal spear hits the Brimstone Fiend.
You hear a shout!
Drink which item? (? for menu, Esc to quit)
You feel much better.
The deep elf annihilator gestures at you while chanting.
The crystal spear hits you!
Ouch! That really hurt!
You die...

....e.. ## ((....# #. .(..(.. #.
ee(.e..### #. #e##e.e..### #. #2#
#ee...#.##. ## #e# ###.....###
#.##e##. ###...##. #@#1#.## #.##.
#.#(#..# ##.
################e11..###########.
.........'...........#.........).
.........#...(.......'...........
.........#.(...)..(..#..........#
######'#######'#######+########'#
..........)))).(................'
........)...)..........[........'


You could see a Hell Sentinel and a deep elf annihilator.

Vanquished Creatures
  2 deep elf blademasters (Elf:3)
  Roxanne (D:15)
  2 deep elf sorcerers (Elf:3)
  A deep elf elementalist (Elf:3)
  2 deep elf demonologists (Elf:3)
  3 deep elf annihilators (Elf:3)
  2 blizzard demons (IceCv)
  The ghost of Sagrath01 the Archer, a journeyman CeWr of Okawaru (D:13)
  4 deep elf death magi
  The ghost of raikaria the Fighter, a journeyman MfTm of Dithmenos (Lair:2)
  A minotaur (Lab)
  2 ettins
  Josephine (Lair:8)
  2 deep elf high priests (Elf:3)
  Harold (Orc:1)
  6 hydras
  3 centaur warriors
  Erica (D:9)
  6 catoblepae
  24 dancing weapons
  14 death yaks (Lair:8)
  An ogre mage (Orc:1)
  A death knight (D:15)
  2 tengu warriors
  A queen ant (D:11)
  13 deep elf knights
  A hell knight (D:15)
  Nergalle (D:11)
  A fire crab (shapeshifter) (Elf:2)
  2 deep trolls
  An unseen horror (D:14)
  5 hill giants
  8 deep elf archers
  4 griffons
  A wolf spider zombie (D:12)
  Pikel (D:5)
  4 orc knights
  An orc sorcerer (Elf:2)
  An oklob plant (Lair:7)
  40 deep elf magi
  5 slime creatures (D:12)
  3 ugly things (D:15)
  A wolf spider (D:15)
  6 cyclopes
  2 manticores
  A centaur zombie (D:12)
  4 elephants (Lair:3)
  4 black mambas
  5 gargoyles
  5 centaur skeletons
  2 ice statues (IceCv)
  11 spiny frogs
  A torpor snail (Lair:8)
  A rime drake (Lair:6)
  10 komodo dragons
  A yaktaur (D:15)
  An efreet (D:15)
  2 freezing wraiths (D:15)
  14 ice devils (IceCv)
  2 tengu conjurers
  13 trolls
  7 two-headed ogres
  Prince Ribbit (D:8)
  13 blink frogs
  A boulder beetle (Lair:7)
  A vampire (D:11)
  4 wraiths
  2 wyverns
  Sigmund (D:6)
  5 air elementals
  2 water elementals
  2 fire elementals (Elf:1)
  A spriggan (Lair:4)
  50 yaks
  6 basilisks
  6 hungry ghosts
  A golden eye (shapeshifter) (D:13)
  A steam dragon (Lair:4)
  6 hippogriffs
  A human (D:7)
  4 wargs
  7 vampire mosquitoes
  4 nagas (Lair:6)
  3 mottled dragons
  Edmund (D:6)
  10 soldier ants
  5 water moccasins
  6 sky beasts
  8 porcupines
  4 ice beasts
  26 orc warriors
  2 eyes of draining
  A slave (D:5)
  35 ogres
  A wasp (D:7)
  15 centaurs
  5 phantoms
  13 crocodiles
  A big kobold (D:10)
  A gnoll sergeant (D:9)
  14 giant frogs
  A wyvern zombie (D:9)
  2 earth elementals
  A wyvern skeleton (D:9)
  4 scorpions
  4 killer bees (D:11)
  10 wights
  8 howler monkeys
  4 electric eels (Lair:1)
  2 lava snakes (D:7)
  7 crimson imps
  A quasit (D:15)
  3 hounds
  4 giant frog zombies
  A jelly (D:7)
  A gnoll shaman (D:6)
  21 orc priests
  2 giant frog skeletons (D:11)
  7 iguanas
  Ijyb (D:2)
  30 orc wizards
  24 worker ants
  A killer bee zombie (D:7)
  23 sheep
  The ghost of raikaria the Changer, a weakling MfTm (D:3)
  A hound skeleton (D:7)
  3 worker ant zombies
  Robin (D:2)
  22 gnolls
  8 adders
  65 river rats
  2 shadow imps
  7 white imps (IceCv)
  5 ufetubi (IceCv)
  3 oozes
  4 worms
  A dart slug (D:3)
  5 giant geckos
  102 orcs
  11 giant cockroaches
  14 goblins
  A goblin (shapeshifter) (D:15)
  10 hobgoblins
  9 jackals
  9 kobolds
  7 quokkas
  A ball python (D:4)
  8 bats
  A giant newt (D:1)
  A jackal skeleton (D:5)
  3 quokka skeletons
  7 rats
  2 fungi
  A plant (Lair:7)
1017 creatures vanquished.

Vanquished Creatures (others)
  An ogre mage (Orc:2)
  A crimson imp (D:5)
  An orc wizard (D:12)
  A white imp (IceCv)
  4 ufetubi (IceCv)
  A quokka zombie (D:5)
  4 fungi
  3 plants
16 creatures vanquished.

Grand Total: 1033 creatures vanquished

Notes
Turn   | Place    | Note
--------------------------------------------------------------
     0 | D:1      | Liquid the Kobold Berserker began the quest for the Orb.
     0 | D:1      | Reached XP level 1. HP: 14/14 MP: 1/1
   119 | D:1      | Reached XP level 2. HP: 13/19 MP: 2/2
   366 | D:1      | Reached skill level 5 in Short Blades
   671 | D:2      | Noticed Ijyb
   694 | D:2      | Killed Ijyb
   694 | D:2      | Reached XP level 3. HP: 23/23 MP: 3/3
   751 | D:2      | Reached XP level 4. HP: 24/28 MP: 4/4
   764 | D:2      | Reached ** piety under Trog
   890 | D:2      | Reached XP level 5. HP: 30/32 MP: 5/5
  1009 | D:2      | Noticed Robin
  1025 | D:2      | Killed Robin
  1243 | D:3      | Reached *** piety under Trog
  1252 | D:3      | Noticed raikaria's ghost (weakling MfTm)
  1269 | D:3      | Killed raikaria's ghost
  1388 | D:3      | Reached XP level 6. HP: 28/37 MP: 6/6
  1752 | D:4      | Noticed an ogre
  1761 | D:4      | Killed an ogre
  1786 | D:4      | Reached XP level 7. HP: 43/43 MP: 7/7
  1878 | D:4      | Reached **** piety under Trog
  1950 | D:4      | Got a crude robe
  1970 | D:4      | Identified the +1 robe of the Mind {rC- rCorr Str+6} (You found it on level 4 of the Dungeon)
  2549 | D:4      | Reached skill level 5 in Fighting
  2702 | D:5      | Entered Level 5 of the Dungeon
  2739 | D:5      | Reached XP level 8. HP: 49/49 MP: 8/8
  2814 | D:5      | Found an iron altar of Okawaru.
  2821 | D:5      | Found a sacrificial altar of Ru.
  2821 | D:5      | Found a radiant altar of Vehumet.
  2884 | D:5      | Found a staircase to the Ecumenical Temple.
  2900 | Temple   | Entered the Ecumenical Temple
  3254 | D:5      | Noticed Pikel
  3273 | D:5      | Killed Pikel
  3273 | D:5      | Reached skill level 3 in Crossbows
  3273 | D:5      | Reached XP level 9. HP: 52/56 MP: 9/9
  3697 | D:6      | Noticed Edmund
  3710 | D:6      | Killed Edmund
  3710 | D:6      | Reached skill level 5 in Dodging
  3791 | D:6      | Reached skill level 10 in Short Blades
  3810 | D:6      | Reached ***** piety under Trog
  3864 | D:6      | Noticed Sigmund
  3870 | D:6      | Killed Sigmund
  3870 | D:6      | Reached skill level 4 in Crossbows
  4464 | D:7      | Reached skill level 5 in Crossbows
  4680 | D:7      | Found Cohu's Food Boutique.
  4873 | D:7      | Reached XP level 10. HP: 23/64 MP: 10/10
  4927 | D:7      | Reached skill level 6 in Crossbows
  5281 | D:7      | Received a gift from Trog
  5284 | D:7      | Got a crude arbalest {god gift}
  5286 | D:7      | Identified the +1 arbalest "Jamutoadd" {speed, Dex+2} (Trog gifted it to you on level 7 of the Dungeon)
  5670 | D:8      | Noticed a manticore
  5691 | D:8      | Killed a manticore
  5691 | D:8      | Reached skill level 7 in Crossbows
  6356 | D:8      | Noticed Prince Ribbit
  6370 | D:8      | Killed Prince Ribbit
  6678 | D:9      | Found a glowing silver altar of Zin.
  6688 | D:9      | Reached skill level 8 in Crossbows
  6789 | D:9      | Reached XP level 11. HP: 72/72 MP: 11/11
  6907 | D:9      | Reached skill level 9 in Crossbows
  6981 | D:9      | Found a staircase to the Lair.
  7009 | D:9      | Reached skill level 10 in Fighting
  7059 | D:9      | Found a sparkling altar of Nemelex Xobeh.
  7060 | D:9      | Noticed Erica
  7286 | D:9      | Found a sacrificial altar of Ru.
  7394 | D:9      | Found a burning altar of Makhleb.
  7441 | D:10     | Entered Level 10 of the Dungeon
  7579 | D:10     | Noticed a hill giant
  7604 | D:10     | Killed a hill giant
  7705 | D:10     | Found a staircase to the Orcish Mines.
  7735 | D:10     | Found a roughly hewn altar of Beogh.
  7749 | D:10     | Received a gift from Trog
  7934 | D:9      | Found an opulent altar of Gozag.
  7949 | D:9      | Killed Erica
  7950 | D:9      | Found a snail-covered altar of Cheibriados.
  8000 | D:11     | Noticed a queen ant
  8046 | D:11     | Killed a queen ant
  8046 | D:11     | Reached skill level 10 in Crossbows
  8352 | D:11     | Noticed Nergalle
  8366 | D:11     | Killed Nergalle
  8366 | D:11     | Reached XP level 12. HP: 80/80 MP: 12/12
  8735 | D:11     | Reached skill level 11 in Crossbows
  9153 | D:11     | Got a slimy ruby amulet
  9327 | D:12     | Received a gift from Trog
  9421 | D:12     | Reached skill level 5 in Armour
  9582 | D:12     | Reached skill level 12 in Crossbows
 10189 | Lair:1   | Entered Level 1 of the Lair of Beasts
 10264 | Lair:1   | Identified the amulet of Ocweh {RegenMP rF+ MP+9} (You found it on level 11 of the Dungeon)
 10486 | Lair:1   | Reached XP level 13. HP: 52/86 MP: 13/13
 10611 | Lair:1   | Reached skill level 10 in Dodging
 11206 | Lair:2   | Noticed raikaria's ghost (journeyman MfTm)
 11224 | Lair:2   | Killed raikaria's ghost
 11400 | Lair:2   | Reached skill level 13 in Crossbows
 11422 | Lair:2   | Received a gift from Trog
 11960 | Lair:3   | Found a staircase to the Shoals.
 12196 | Lair:3   | Received a gift from Trog
 12389 | Lair:3   | Reached skill level 14 in Crossbows
 12592 | Lair:3   | Received a gift from Trog
 13011 | Lair:4   | Gained mutation: You are partially covered in yellow scales (AC +2). [potion of mutation]
 13011 | Lair:4   | Gained mutation: You are partially covered in rugged brown scales (AC +1, +3% HP). [potion of mutation]
 13011 | Lair:4   | Gained mutation: Your skin changes colour to match your surroundings (Stealth). [potion of mutation]
 13012 | Lair:4   | Gained mutation: You are mostly covered in rugged brown scales (AC +2, +5% HP). [potion of mutation]
 13708 | Lair:5   | Received a gift from Trog
 13834 | Lair:5   | Reached XP level 14. HP: 66/96 MP: 14/14
 14322 | Lair:6   | Received a gift from Trog
 14451 | Lair:6   | Found a staircase to the Snake Pit.
 14581 | Lair:6   | Reached skill level 15 in Crossbows
 14673 | Lair:6   | Found a viscous altar of Jiyva.
 14674 | Lair:6   | Found a staircase to the Slime Pits.
 15089 | Lair:7   | Found a labyrinth entrance.
 15095 | Lab      | Entered a labyrinth
 15862 | Lab      | Identified the Handbook of the Eternal Fruit
 15865 | Lab      | Identified Sufic's Handbook of the Mountains
 16335 | Lair:7   | Received a gift from Trog
 16716 | Lair:8   | Entered Level 8 of the Lair of Beasts
 16804 | Lair:8   | Noticed Josephine
 16812 | Lair:8   | Killed Josephine
 17033 | Lair:8   | Found a white marble altar of Elyvilon.
 17151 | Lair:8   | Reached skill level 16 in Crossbows
 17171 | Lair:8   | Received a gift from Trog
 17362 | Lair:8   | Reached XP level 15. HP: 105/105 MP: 15/15
 17883 | Lair:8   | Reached skill level 17 in Crossbows
 18275 | Orc:1    | Entered Level 1 of the Orcish Mines
 18328 | Orc:1    | Received a gift from Trog
 18543 | Orc:1    | Noticed Harold
 18546 | Orc:1    | Killed Harold
 18546 | Orc:1    | Reached skill level 1 in Evocations
 18839 | Orc:2    | Entered Level 2 of the Orcish Mines
 18899 | Orc:2    | Received a gift from Trog
 19117 | Orc:2    | Found Qaig's Weapon Emporium.
 19198 | Orc:2    | Received a gift from Trog
 19550 | Orc:2    | Found Ukloibus's Jewellery Boutique.
 19558 | Orc:2    | Found Fokk's Armour Shoppe.
 19559 | Orc:2    | Found Jaohaaq's Weapon Shoppe.
 19574 | Orc:2    | Bought the +0 ring mail "Zeaqomaq" {Regen+ Dex+9} for 538 gold pieces
 19580 | Orc:2    | Bought the ring "Demnoys" {+Blink MR+ Int+3 Dex+2} for 643 gold pieces
 19595 | Orc:2    | Found a staircase to the Elven Halls.
 19991 | D:13     | Found a gate to the Vaults.
 20136 | D:13     | Noticed Sagrath01's ghost (journeyman CeWr)
 20191 | D:13     | Killed Sagrath01's ghost
 20475 | D:13     | Reached skill level 18 in Crossbows
 20475 | D:13     | Reached XP level 16. HP: 112/112 MP: 19/19
 20699 | D:13     | Reached skill level 5 in Evocations
 20971 | D:14     | Received a gift from Trog
 21080 | D:14     | Found Ononihom's Distillery.
 21114 | D:14     | Bought a potion of curing for 42 gold pieces
 21114 | D:14     | Bought 2 potions of agility for 112 gold pieces
 21114 | D:14     | Bought a potion of heal wounds for 70 gold pieces
 21114 | D:14     | Bought a potion of haste for 140 gold pieces
 21114 | D:14     | Bought a potion of might for 56 gold pieces
 21560 | D:15     | Entered Level 15 of the Dungeon
 21624 | D:15     | Reached skill level 15 in Fighting
 21996 | D:15     | Noticed Roxanne
 22011 | D:15     | Killed Roxanne
 22017 | D:15     | Identified Roxanne's Catalogue of Shape Shifting (You took it off Roxanne on level 15 of the Dungeon)
 22086 | D:15     | Received a gift from Trog
 22246 | D:15     | Found a staircase to the Depths.
 22289 | D:15     | Reached skill level 19 in Crossbows
 22923 | Elf:1    | Entered Level 1 of the Elven Halls
 22964 | Elf:1    | Received a gift from Trog
 22975 | Elf:1    | Got a faintly glowing arbalest {god gift}
 22978 | Elf:1    | Identified the +8 arbalest of Ancient Evil {velocity, Dex+5} (Trog gifted it to you on level 1 of the Elven Halls)
 23466 | Elf:1    | Reached XP level 17. HP: 118/118 MP: 22/22
 23557 | Elf:1    | Found Iriat's Jewellery Emporium.
 23560 | Elf:1    | Bought an uncursed ring of positive energy for 220 gold pieces
 23752 | Elf:2    | Found a frozen archway.
 23779 | IceCv    | Entered an ice cave
 24105 | IceCv    | Received a gift from Trog
 24409 | Elf:2    | Found a runed gate.
 24411 | Elf:2    | Found a runed gate.
 24411 | Elf:2    | Found a runed gate.
 24546 | Elf:2    | Reached skill level 20 in Crossbows
 24951 | Elf:2    | Received a gift from Trog
 25033 | Elf:2    | Reached skill level 15 in Dodging
 25290 | Elf:3    | Entered Level 3 of the Elven Halls
 25612 | Elf:3    | Reached skill level 10 in Evocations
 25954 | Elf:3    | Reached XP level 18. HP: 126/126 MP: 25/25
 26118 | Elf:3    | Noticed a deep elf blademaster
 26123 | Elf:3    | Killed a deep elf blademaster
 26160 | Elf:3    | Noticed a deep elf blademaster
 26170 | Elf:3    | Killed a deep elf blademaster
 26171 | Elf:3    | Reached skill level 21 in Crossbows
 26183 | Elf:3    | Noticed a deep elf master archer
 26284 | Elf:3    | Noticed a Brimstone Fiend
 26285 | Elf:3    | Noticed a Hell Sentinel
 26297 | Elf:3    | Killed from afar by a deep elf annihilator

Skill      XL: |  1  2  3  4  5  6  7  8  9 10 11 12 13 14 15 16 17 18 |
---------------+-------------------------------------------------------+-----
Short Blades   | 5 6 7 8 9 10 11 12 | 12.3
Fighting       | 4 5 6 7 9 11 12 13 14 15 16 | 16.5
Armour         | 2 3 4 5 7 |  7.6
Dodging        | 3 4 6 7 8 9 11 12 13 14 15 | 15.4
Crossbows      | 3 5 8 10 12 14 16 18 19 20 21 | 21.1
Evocations     | 4 7 10 | 10.0

Action                   |  1- 3 |  4- 6 |  7- 9 | 10-12 | 13-15 | 16-18 || total
-------------------------+-------+-------+-------+-------+-------+-------++-------
Melee: Short sword       |    85 |    20 |       |   812 |       |       ||   917
       Dagger            |       |   222 |   563 |   365 |       |       ||  1150
       Unarmed           |       |       |       |     3 |       |       ||     3
       Quick blade       |       |       |       |   317 |  1920 |   407 ||  2644
 Fire: Arbalest          |       |       |       |    15 |     2 |   347 ||   364
       Heavy crossbow    |       |       |       |       |    67 |   222 ||   289
Invok: Berserk           |     1 |     4 |     7 |    10 |    18 |     5 ||    45
       Trog's Hand       |       |       |       |     6 |    10 |     8 ||    24
 Abil: Evoke Blink       |       |       |       |       |       |     1 ||     1
Evoke: Wand              |       |       |       |       |     2 |     6 ||     8
       Rod               |       |       |       |       |       |     3 ||     3
  Use: Scroll            |       |     5 |     3 |    17 |    12 |     5 ||    42
       Potion            |       |       |       |     2 |     2 |     6 ||    10
 Stab: Petrified         |       |       |       |       |     4 |       ||     4
       Sleeping          |       |       |       |       |       |     2 ||     2
  Eat: Chunk             |     9 |     6 |    19 |    34 |    61 |    25 ||   154
       Meat ration       |       |       |       |     1 |       |       ||     1
Armor: Animal skin       |    12 |       |       |       |       |       ||    12
       Scale mail        |       |    54 |    92 |   261 |   240 |       ||   647
       Ring mail         |       |       |       |       |    11 |    60 ||    71
Dodge: Dodged            |    72 |   107 |   232 |   586 |   781 |   505 ||  2283
